Map: Berlingrad LE

Players

couchman

  • Race: Terran Terran

HORSES - Winner!

  • Race: Zerg Zerg

VOD

Have the link to the VOD?

Description

Time

  • Played on: Dec. 12, 2021, 5:54 a.m.
  • Length: 17:03
Show
View Real Time Build Order
Export as new Build Order

couchman Terran 

Build Orders: Command Center First (CC) 

Get SALT Encoding   

  12  0:00  SCV  
  13  0:12  SCV  
  14  0:18  Supply Depot  
  14  0:24  SCV  
  15  0:39  Refinery  
  15  0:40  SCV  
  16  0:52  SCV  
  17  1:09  Command Center  
  17  1:12  SCV  
  18  1:28  SCV  
  19  1:40  SCV  
  19  1:47  Barracks  
  20  1:52  SCV  
  21  1:59  Supply Depot  
  21  2:15  Engineering Bay  
  21  2:17  SCV  
  22  2:25  SCV  
  22  2:29  SCV  
  24  2:32  Refinery  
  24  2:37  Barracks Tech Lab, SCV  
  25  2:44  Factory  
  25  2:49  SCV  
  25  2:50  Terran Infantry Weapons Level 1  
  26  2:53  SCV  
  27  3:01  SCV  
  28  3:05  SCV  
  28  3:12  Combat Shield  
  29  3:13  SCV  
  29  3:16  Marine  
  31  3:29  Hellion  
  31  3:34  Marine  
  34  3:40  Starport  
  34  3:42  SCV  
  34  3:45  SCV  
  36  3:49  Refinery  
  36  3:51  Marine  
  36  3:52  Refinery  
  36  3:55  SCV  
  38  3:57  SCV, Bunker  
  39  4:07  SCV  
  39  4:09  Marine, SCV  
  42  4:15  Command Center  
  42  4:19  SCV  
  42  4:22  SCV  
  44  4:31  Missile Turret  
  44  4:33  SCV  
  44  4:34  SCV  
  46  4:46  Terran Infantry Armor Level 1  
  46  4:50  Stimpack  
  46  4:52  Starport Tech Lab  
  46  5:01  Fusion Core  
  46  5:26  Marine  
  46  5:27  SCV x2  
  49  5:32  Supply Depot  
  49  5:39  SCV x2  
  50  5:44  Marine  
  46  5:51  SCV  
  46  5:53  Barracks  
  46  5:56  Supply Depot  
  46  6:02  Marine  
  46  6:03  SCV  
  28  6:15  SCV  
  29  6:19  Battlecruiser, Supply Depot  
  29  6:20  Marine  
  32  6:36  Hellion  
  32  6:38  Marine  
  35  6:42  Supply Depot  
  35  6:44  SCV  
  35  6:46  SCV  
  36  6:55  Marine  
  36  6:56  SCV  
  36  6:58  SCV  
  37  7:04  Supply Depot  
  31  7:10  SCV  
  31  7:13  Marine  
  28  7:22  SCV  
  25  7:23  Battlecruiser  
  25  7:27  Supply Depot  
  25  7:32  SCV  
  25  7:34  SCV  
  25  7:35  SCV  
  27  7:44  SCV  
  27  7:47  SCV  
  27  7:55  Barracks  
  27  7:56  Hellion  
  27  7:57  SCV  
  30  7:59  SCV  
  30  8:03  SCV  
  31  8:09  SCV  
  31  8:11  SCV  
  33  8:15  SCV  
  33  8:23  SCV  
  27  8:45  Command Center  
  23  8:57  Barracks Reactor  
  19  9:55  SCV  
  20  10:07  SCV  
  20  10:10  Bunker  
  21  10:20  SCV x2  
  23  10:30  Marine  
  23  10:32  SCV  
  25  10:44  SCV  
  25  10:49  SCV  
  27  10:56  SCV  
  28  11:03  SCV  
  29  11:15  SCV  
  29  11:16  Medivac  
  32  11:26  SCV  
  32  11:27  SCV  
  34  11:38  SCV  
  35  11:56  Weapon Refit  
  35  11:58  Battlecruiser  
  41  12:10  Marine x2  
  43  12:15  Bunker  
  43  12:20  Bunker  
  43  12:28  Marine x2  
  45  12:46  Marine  
  46  13:19  Marine x2  
  48  13:37  Marine x2  
  50  13:54  Marine  
  50  13:55  Marine  
  29  14:12  Marine x2  
  11  15:52  Command Center  
  6  16:12  Supply Depot  
  6  16:16  Supply Depot  
  6  16:18  Refinery  
Show
View Real Time Build Order
Export as new Build Order

HORSES Zerg - Winner!

Build Orders: Pool First 

Get SALT Encoding   

  12  0:02  Drone  
  13  0:16  Overlord  
  13  0:29  Drone  
  14  0:36  Spawning Pool  
  14  0:38  Drone  
  14  0:43  Drone  
  15  0:51  Drone x2  
  17  1:16  Drone x2  
  19  1:21  Hatchery  
  18  1:29  Extractor  
  17  1:40  Evolution Chamber  
  17  1:42  Drone, Roach Warren  
  17  1:44  Zergling x2  
  17  1:55  Drone  
  18  2:14  Drone x2  
  20  2:22  Drone  
  21  2:32  Queen  
  21  2:35  Overlord  
  23  2:48  Queen  
  23  2:49  Drone x2  
  27  2:56  Overlord x2  
  27  3:02  Drone  
  27  3:04  Drone  
  29  3:09  Lair  
  29  3:22  Extractor  
  29  3:23  Drone x2  
  30  3:31  Queen  
  32  3:37  Drone  
  33  3:44  Drone  
  34  3:55  Drone x3  
  37  4:03  Zergling x6  
  37  4:07  Queen  
  37  4:08  Zerg Melee Weapons Level 1, Metabolic Boost  
  42  4:16  Zergling x2  
  43  4:18  Drone x2  
  43  4:19  Drone  
  46  4:42  Drone x3  
  49  4:47  Extractor  
  48  4:56  Zergling x4  
  48  4:57  Zergling x4  
  52  5:00  Overlord x2  
  52  5:01  Glial Reconstitution  
  52  6:02  Zerg Missile Weapons Level 1  
  46  6:37  Roach x5  
  56  6:49  Roach x5  
  66  6:54  Overlord  
  66  7:15  Roach x4  
  74  7:16  Roach  
  63  8:56  Zergling x6  
  63  9:02  Zergling x6  
  69  9:03  Zergling x4  
  71  9:24  Hatchery  
  60  9:35  Spire  
  60  9:37  Queen  
  57  9:40  Zergling x12  
  57  9:44  Zergling x6, Overlord  
  57  9:45  Overlord  
  60  10:13  Queen  
  62  10:24  Zergling x4  
  62  10:25  Zergling x2  
  62  10:27  Zergling x4  
  62  10:28  Zergling x2  
  68  10:48  Queen  
  70  10:51  Zergling x10  
  75  10:57  Overlord x2  
  75  11:08  Mutalisk x2  
  75  11:10  Mutalisk  
  81  11:12  Zerg Missile Weapons Level 2  
  81  11:18  Zerg Flyer Weapons Level 1  
  81  11:23  Overlord x2  
  81  11:30  Mutalisk x5  
  91  11:48  Drone x3  
  91  11:53  Queen  
  96  12:22  Drone x3  
  85  13:13  Zerg Flyer Armor Level 1  
  85  13:20  Queen  
  85  13:28  Zerg Ground Armor Level 1  
  85  13:30  Corruptor x6  
  63  15:00  Drone x3  
  66  15:20  Hatchery  
Tags
 
Add a new tag
Caveats
  • Supply blocks, unpowered buildings, or Contaminate may cause inaccurate times.
  • Supply counts are checked every 10 seconds.